 Dungeon Crawl Stone Soup version 0.23-a0-449-g8e4cbf7 (webtiles) character file.

7 Lavandula the Sneak (level 2, -1/22 HPs)
             Began as a Naga Air Elementalist on Nov 22, 2018.
             Slain by Terence
             ... wielding a +0 mace
              (7 damage)
             ... on level 2 of the Dungeon.
             The game lasted 00:01:11 (279 turns).

Lavandula the Sneak (Naga Air Elementalist)          Turns: 279, Time: 00:01:12

Health: -1/22      AC:  1    Str: 10    XL:     2   Next: 0%
Magic:  1/5        EV: 10    Int: 15    God:
Gold:   30         SH:  0    Dex: 11    Spells: 5/6 levels left

rFire    . . .     SeeInvis +   h - +0 dagger
rCold    . . .     Gourm    .   (no shield)
rNeg     . . .     Faith    .   a - +0 robe
rPois    +         Spirit   .   (no helmet)
rElec    .         Reflect  .   (no cloak)
rCorr    .         Harm     .   (no gloves)
MR       .....                  (no barding)
Stlth    ++........             (no amulet)
HPRegen  0.07/turn              (no ring)
MPRegen  0.09/turn              (no ring)

@: short of breath, very slow
A: large, see invisible, deformed body, poison resistance, slowness 2, slow
metabolism 1, spit poison 1, AC +0
a: Spit Poison


You were on level 2 of the Dungeon.
You were not hungry.

You visited 1 branch of the dungeon, and saw 2 of its levels.

You collected 30 gold pieces.

Inventory:

Hand Weapons
 h - a +0 dagger (weapon)
Armour
 a - a +0 robe (worn)
Scrolls
 d - a scroll of identify {unknown}
 f - a scroll of remove curse {unknown}
Potions
 b - 2 potions of curing {unknown}
 e - a potion of degeneration {unknown}
 g - a potion of might {unknown}
 i - a potion of haste {unknown}
Comestibles
 c - 2 rations


   Skills:
 - Level 1.5 Dodging
 - Level 3.0 Stealth
 + Level 2.5 Spellcasting
 - Level 1.0 Conjurations
 - Level 3.0 Air Magic


You had 5 spell levels left.
You knew the following spells:

 Your Spells              Type           Power        Failure   Level  Hunger
a - Shock                 Conj/Air       #...         10%         1    #......

Your spell library contained the following spells:

 Spells                   Type           Power        Failure   Level  Hunger
 Swiftness                Chrm/Air       #.......     17%         2    ###....
 Static Discharge         Conj/Air       #.......     28%         3    ###....
 Airstrike                Air            ##........   52%         4    #####..
 Lightning Bolt           Conj/Air       #.........   95%         5    ######.


Dungeon Overview and Level Annotations

Branches:
Dungeon (2/15)

Altars:

Annotations:
D:2 Terence


Innate Abilities, Weirdness & Mutations

You cannot wear boots.
Your serpentine skin is tough. (AC +0)
You have supernaturally acute eyesight. (SInv)
Armour fits poorly on your strangely shaped body.
Your system is resistant to poisons. (rPois)
You cover ground very slowly.
You have a slow metabolism.
You can spit poison.


Message History

The splash of poison misses Terence.
You feel slightly more hungry. Terence barely misses you.
You barely miss Terence.
Terence is almost dead.
Terence closely misses you.
You hit Terence but do no damage.
Terence is almost dead.
Terence hits you with a +0 mace.
* * * LOW HITPOINT WARNING * * *
You have got your breath back.
Casting: Shock (safe; 10% risk of failure)
Confirm with . or Enter, or press ? or * to list all spells.
You don't have enough magic to cast that spell.
Unknown command.
Press: ? - help, Shift-Dir - straight line, f/p - Terence
Aim: Terence, wielding a +0 mace and wearing a +0 chain mail (almost dead, The splash of poison hits Terence.
Terence is poisoned.
Terence is almost dead.
You feel slightly more hungry. Terence hits you with a +0 mace!
You die...

#####........###.......<...#
†.#
#........###....###......#
#.###...............#
....... ....# #+####.#+#.#
....... ....# #.#.#.#
....... ....#### #.#.#.#
....... ........ #.#.#.#
@......
...(###########@#.#.#
.K...$.
#...............@.#.#
###.###.............# # #.#
#..........##.# . #.#
#..........##.# # #.#
#############.# #.# #.# #.#
#.# #.# ### #.#


You could see Terence (invisible).

Vanquished Creatures
  A leopard gecko (D:1)
  A goblin (D:2)
  A hobgoblin (D:1)
  2 bats
  A kobold (D:2)
6 creatures vanquished.

Notes
Turn   | Place    | Note
-------+----------+-------------------------------------------
     0 | D:1      | Lavandula the Naga Air Elementalist began the quest for the
                  | Orb.
     0 | D:1      | Reached XP level 1. HP: 15/15 MP: 3/3
   219 | D:2      | Noticed Terence
   226 | D:2      | Reached XP level 2. HP: 20/22 MP: 3/5
   279 | D:2      | Slain by Terence

Vault maps used:
D:1:      lightli_arrival_flooded_house, nrook_campfire, st_stairs_9
D:2:      chequers_ecumenical_altar_simple, uniq_terence, uniq_robin

Action                   || total
-------------------------++-------
Melee: Dagger            ||     3
 Cast: Shock             ||    13
 Abil: Spit Poison       ||     9
Armor: Robe              ||     2
Dodge: Dodged            ||    12

Table legend:
 A = Non-vault XP
 B = Vault XP
 C = Vault XP percentage of total XP
 D = Non-vault monster count
 E = Vault monster count
 F = Vault count percentage of total count
                 A         B        C        D         E       F
            +---------+---------+-------+---------+---------+-------
      Total |      10 |       0 |   0.0 |       6 |       0 |   0.0
            +---------+---------+-------+---------+---------+-------
        D:1 |       6 |       0 |   0.0 |       3 |       0 |   0.0
        D:2 |       4 |       0 |   0.0 |       3 |       0 |   0.0
            +---------+---------+-------+---------+---------+-------
